 Dungeon Crawl Stone Soup version 0.17-a0-1164-g0ba867e (webtiles) character file.

36187 wotan the Brawler (level 13, -5/116 HPs)
             Began as a Ghoul Monk on May 28, 2015.
             Was the Champion of Makhleb.
             Slain by a death yak (16 damage)
             ... on level 8 of the Lair of Beasts.
             The game lasted 01:32:12 (15720 turns).

wotan the Brawler (Ghoul Monk)                     Turns: 15720, Time: 01:32:13

Health: -5/116     AC: 14    Str: 18    XL:     13   Next: 88%
Magic:  18/18      EV: 14    Int:  7    God:    Makhleb [******]
Gold:   895        SH:  7    Dex: 21    Spells: 0 memorised, 12 levels left

rFire  . . .     SeeInvis .       - Unarmed
rCold  + . .     Clarity  .     i - +1 scale mail
rNeg   + + +     SustAt   .     f - +0 buckler "Ygixte" {*Confuse Str+2 Int+2 Dex+3}
rPois  ∞         Gourm    .     k - +2 helmet
rElec  .         Spirit   .     G - +0 cloak {rPois}
rCorr  .         Warding  .     (no gloves)
rMut   .         Stasis   .     (no boots)
MR     .....                    (no amulet)
Stlth  ++........               J - +3 ring of dexterity
                                N - ring of stealth

@: rotting, not resistant to hostile enchantments, unstealthy
A: rotting body, claws 1, carnivore 3, cold resistance 1, negative energy
resistance 3, slow healing 1, torment resistance, unbreathing
a: Minor Destruction, Lesser Servant of Makhleb, Major Destruction, Greater
Servant of Makhleb, Renounce Religion


You were on level 8 of the Lair of Beasts.
You worshipped Makhleb.
Makhleb was exalted by your worship.
You were not hungry.

You visited 3 branches of the dungeon, and saw 19 of its levels.

You collected 895 gold pieces.

Inventory:

Missiles
 u - 6 tomahawks (quivered)
 U - 2 steel tomahawks
Armour
 f - the +0 buckler "Ygixte" (worn) {*Confuse Str+2 Int+2 Dex+3}
   (You found it on level 5 of the Dungeon)

   It affects your strength (+2).
   It affects your intelligence (+2).
   It affects your dexterity (+3).
   It may confuse you when you take damage.
 i - a +1 scale mail (worn)
 k - a +2 helmet (worn)
 q - a +2 ring mail of poison resistance
 G - a +0 cloak of poison resistance (worn)
Jewellery
 j - an uncursed ring of see invisible
 o - a +3 ring of protection
 s - an uncursed ring of sustain attributes
 J - a +3 ring of dexterity (right claw)
 N - a ring of stealth (left claw)
Magical devices
 a - a wand of teleportation (3)
 e - a wand of digging (7)
 t - a wand of confusion (23)
 w - a wand of paralysis (15)
 E - a wand of flame (15)
 H - a wand of teleportation (6)
 P - a wand of slowing (28)
 R - a wand of frost (22)
 S - a wand of magic darts (17)
 T - a wand of confusion (46)
 V - a wand of cold (11)
Scrolls
 d - a scroll of fear
 y - 8 scrolls of remove curse
 D - 5 scrolls of recharging
 F - 7 scrolls of teleportation
 Y - a scroll of amnesia
 Z - a scroll of enchant armour
Potions
 c - 2 potions of haste
 g - 2 potions of flight
 h - 5 potions of brilliance
 l - 3 potions of curing
 p - 2 potions of invisibility
 z - 2 potions of magic
 C - a potion of might {unknown}
 I - a potion of cancellation
 L - a potion of agility {unknown}
 Q - a potion of poison {unknown}
Books
 n - a book of the Sky

   Spells                             Type                      Level
   a - Summon Lightning Spire         Summoning/Air                4
   b - Airstrike                      Air                          4
   c - Silence                        Hexes/Air                    5
   d - Deflect Missiles               Charms/Air                   6
   e - Conjure Ball Lightning         Conjuration/Air              6
   f - Tornado                        Air                          9
 K - a book of Alchemy

   Spells                             Type                      Level
   a - Sublimation of Blood           Necromancy                   2
   b - Ignite Poison                  Fire/Transmutation/Poison    3
   c - Alistair's Intoxication        Transmutation/Poison         4
   d - Condensation Shield            Ice                          4
   e - Petrify                        Transmutation/Earth          4
   f - Irradiate                      Conjuration/Transmutation    5
 M - a book of Enchantments

   Spells                             Type                      Level
   a - Cause Fear                     Hexes                        4
   b - Silence                        Hexes/Air                    5
   c - Deflect Missiles               Charms/Air                   6
   d - Haste                          Charms                       6
   e - Discord                        Hexes                        8
 O - a book of Transfigurations

   Spells                             Type                      Level
   a - Stoneskin                      Transmutation/Earth          2
   b - Irradiate                      Conjuration/Transmutation    5
   c - Statue Form                    Transmutation/Earth          6
   d - Hydra Form                     Transmutation                6
   e - Dragon Form                    Transmutation                7
 W - a book of the Dragon

   Spells                             Type                      Level
   a - Flame Tongue                   Conjuration/Fire             1
   b - Cause Fear                     Hexes                        4
   c - Bolt of Fire                   Conjuration/Fire             6
   d - Dragon Form                    Transmutation                7
   e - Dragon's Call                  Summoning                    9
 X - a book of Death

   Spells                             Type                      Level
   a - Corpse Rot                     Necromancy                   2
   b - Sublimation of Blood           Necromancy                   2
   c - Agony                          Necromancy                   5
   d - Dispel Undead                  Necromancy                   5
   e - Excruciating Wounds            Charms/Necromancy            5
   f - Bolt of Draining               Conjuration/Necromancy       5
Comestibles
 b - 10 meat rations
 m - 2 royal jellies
 r - 23 chunks of flesh
 A - 2 slices of pizza


   Skills:
 - Level 11.0 Fighting
 + Level 9.4 Armour
 - Level 5.5 Dodging
 - Level 2.1 Stealth
 - Level 8.0 Shields
 - Level 15.1 Unarmed Combat
 - Level 8.7 Invocations


You had 12 spell levels left.
You didn't know any spells.

Dungeon Overview and Level Annotations

Branches:
Dungeon (10/15)            Temple (1/1) D:4            Lair (8/8) D:10
  Swamp (0/4) Lair:3        Snake (0/4) Lair:4        Slime (0/6) Lair:6
    Orc: D:9-12

Altars:
Ashenzari
Cheibriados
Dithmenos
Elyvilon
Fedhas
Gozag
Kikubaaqudgha
Makhleb
Nemelex Xobeh
Okawaru
Qazlal
Ru
Sif Muna
Trog
Vehumet
Xom
Yredelemnul
Zin
The Shining One
Jiyva

Shops:
D:4 [   D:6 (   D:8 :

Annotations:
Lair:6 exclusion: oklob plant


Innate Abilities, Weirdness & Mutations

Your body is rotting away.
You thrive on raw meat.
You are immune to poison.
You have sharp fingernails.
You are carnivorous and can eat meat at any time.
Your flesh is cold resistant.
You are immune to negative energy.
You heal slowly when monsters are visible.
You are immune to unholy pain and torment.
You can survive without breathing.


Message History

The death yak gores you but does no damage.
You scratch the death yak.
The death yak is almost dead.
You block the death yak's attack.
You barely miss the death yak.
The death yak is almost dead.
The death yak gores you!
You claw the death yak!
The death yak is almost dead.
The death yak gores you!!
* * * LOW HITPOINT WARNING * * *
The death yak gores you!!
* * * LOW HITPOINT WARNING * * *
Drink which item? (? for menu, Esc to quit)
You feel much better. You block the death yak's attack.
The death yak gores you!!
* * * LOW HITPOINT WARNING * * *
Drink which item? (? for menu, Esc to quit)
You feel better. The death yak gores you!
You die... ...PP #....####...... #...P.P #......PP...... ....P.. .BSY #.......P...... ##.PP## PY.

##.......P..... .
...# . #..!
#..#........... .
.... #.#...
#...#...##..... ..
#....#
#.....######... .8
##.....#####....##
#.... ..
#......#Y@##...##
#.... .
...#.YY##...P#
#....
#.......#......#
#....
##.S...........#
#....
#.P............#
#....#
#P...............#
#.....#
##P.............##
##....
#............PP.#
#.
.#.P.(.........##


You could see 3 death yaks and a black mamba (wandering).

Vanquished Creatures
  Erica (D:9)
  3 hydras
  2 death yaks (Lair:8)
  Sonja (D:10)
  A hill giant (D:10)
  2 griffons
  6 elephants
  6 black mambas
  2 molten gargoyles (Lair:4)
  A torpor snail (Lair:3)
  15 spiny frogs
  3 fire drakes
  11 komodo dragons
  A troll (D:9)
  6 blink frogs
  Grinder (D:5)
  A polar bear (Lair:8)
  A spriggan (D:8)
  19 yaks
  3 hungry ghosts
  10 hippogriffs
  3 basilisks
  Edmund (D:5)
  Duvessa (D:7)
  12 water moccasins
  3 orc warriors
  12 porcupines
  2 black bears
  A wasp (D:7)
  3 centaurs
  6 ogres
  A sky beast (D:9)
  6 crocodiles
  17 giant frogs
  A phantom (D:9)
  3 big kobolds
  Dowan (D:7)
  2 scorpions
  6 killer bees (D:9)
  3 electric eels (Lair:3)
  4 crimson imps
  7 orc wizards
  A giant frog zombie (D:9)
  A centaur zombie (D:9)
  7 jellies
  4 hounds
  5 lava snakes (Lair:4)
  A centaur skeleton (D:6)
  A giant frog skeleton (D:7)
  10 iguanas
  An orc priest (D:9)
  12 worker ants
  7 hell rats (Lair:8)
  8 sheep
  2 hound skeletons
  Robin (D:2)
  34 river rats
  11 gnolls
  2 shadow imps
  13 adders
  4 oozes
  2 adder zombies
  3 worms
  7 giant geckos
  32 orcs
  19 bats
  A bat skeleton (D:4)
  3 giant cockroaches
  13 hobgoblins
  14 jackals
  3 quokkas
  3 ball pythons
  A giant gecko skeleton (D:5)
  6 giant newts
  20 goblins
  A jackal skeleton (D:7)
  32 kobolds
  14 rats
  A plant (D:10)
491 creatures vanquished.

Vanquished Creatures (collateral kills)
  Maud (Lair:5)
  A hydra (Lair:3)
  3 elephants
  A troll (D:10)
  3 yaks
  A water moccasin (Lair:3)
  A gnoll sergeant (D:10)
  5 sheep (Lair:5)
  3 gnolls (D:10)
  6 river rats (Lair:5)
  2 kobolds (D:10)
27 creatures vanquished.

Vanquished Creatures (others)
  2 smoke demons
  A ynoxinul (Lair:3)
  2 ufetubi (Lair:3)
  A bat (D:3)
  2 plants (Lair:5)
8 creatures vanquished.

Grand Total: 526 creatures vanquished

Notes
Turn   | Place    | Note
--------------------------------------------------------------
     0 | D:1      | wotan the Ghoul Monk began the quest for the Orb.
     0 | D:1      | Reached XP level 1. HP: 19/19 MP: 0/0
   134 | D:1      | Reached XP level 2. HP: 18/25 MP: 1/1
   205 | D:1      | Reached skill level 5 in Unarmed Combat
   400 | D:1      | Reached XP level 3. HP: 25/31 MP: 2/2
   754 | D:2      | Found a glowing golden altar of the Shining One.
   867 | D:2      | Noticed Robin
   875 | D:2      | Reached skill level 6 in Unarmed Combat
   875 | D:2      | Reached XP level 4. HP: 38/38 MP: 3/3
   890 | D:2      | Killed Robin
  1478 | D:3      | Found a sparkling altar of Nemelex Xobeh.
  1584 | D:3      | Reached XP level 5. HP: 42/45 MP: 4/4
  1702 | D:3      | Reached skill level 7 in Unarmed Combat
  1905 | D:4      | Found a staircase to the Ecumenical Temple.
  1917 | Temple   | Entered the Ecumenical Temple
  1921 | Temple   | Became a worshipper of Makhleb the Destroyer
  1921 | Temple   | Acquired Makhleb's first power
  1921 | Temple   | Acquired Makhleb's second power
  2058 | D:4      | Noticed an ogre
  2117 | D:4      | Reached XP level 6. HP: 51/51 MP: 5/5
  2149 | D:4      | Killed an ogre
  2149 | D:4      | Reached skill level 8 in Unarmed Combat
  2199 | D:4      | Found Erenauso's Antique Armour Emporium.
  2293 | D:4      | Found a shadowy altar of Dithmenos.
  2293 | D:4      | Found an opulent altar of Gozag.
  2627 | D:4      | Noticed a black bear
  2638 | D:4      | Killed a black bear
  2638 | D:4      | Reached skill level 9 in Unarmed Combat
  2638 | D:4      | Reached XP level 7. HP: 56/56 MP: 6/6
  2957 | D:5      | Entered Level 5 of the Dungeon
  3189 | D:4      | Acquired Makhleb's third power
  3273 | D:5      | Reached skill level 10 in Unarmed Combat
  3308 | D:5      | Got a twisted buckler
  3314 | D:5      | Identified the cursed +0 buckler "Ygixte" {*Confuse Str+2 Int+2 Dex+3} (You found it on level 5 of the Dungeon)
  3331 | D:5      | Noticed Grinder
  3342 | D:5      | Paralysed by Grinder for 7 turns
  3356 | D:5      | Paralysed by Grinder for 5 turns
  3363 | D:5      | Killed Grinder
  3363 | D:5      | Reached skill level 11 in Unarmed Combat
  3363 | D:5      | Reached XP level 8. HP: 62/62 MP: 7/7
  3576 | D:5      | Found a bloodstained altar of Trog.
  3651 | D:5      | Reached skill level 1 in Armour
  3879 | D:5      | Acquired Makhleb's fourth power
  4069 | D:5      | Noticed Edmund
  4080 | D:5      | Killed Edmund
  4386 | D:6      | Reached XP level 9. HP: 63/69 MP: 9/9
  4393 | D:6      | Reached skill level 5 in Armour
  4443 | D:6      | Reached skill level 1 in Shields
  4667 | D:6      | Found Koitenk's Antique Weapon Shop.
  5230 | D:7      | Found a shimmering altar of Xom.
  5413 | D:7      | Noticed Duvessa
  5413 | D:7      | Noticed Dowan
  5443 | D:7      | Acquired Makhleb's fifth power
  5454 | D:7      | Killed Duvessa
  5454 | D:7      | Reached skill level 5 in Invocations
  5472 | D:7      | Killed Dowan
  5632 | D:7      | Found a stormy altar of Qazlal.
  6154 | D:8      | Found Juusyow's Book Shop.
  6557 | D:8      | Reached XP level 10. HP: 72/75 MP: 13/15
  6612 | D:9      | Noticed Erica
  6884 | D:9      | Reached skill level 5 in Fighting
  7332 | D:9      | Killed Erica
  7850 | D:10     | Entered Level 10 of the Dungeon
  7932 | D:10     | Noticed Sonja
  7939 | D:10     | Killed Sonja
  7939 | D:10     | Reached XP level 11. HP: 79/97 MP: 16/16
  8044 | D:10     | Reached skill level 12 in Unarmed Combat
  8110 | D:10     | Found a staircase to the Lair.
  8350 | D:10     | Noticed a hill giant
  8362 | D:10     | Killed a hill giant
  8419 | Lair:1   | Entered Level 1 of the Lair of Beasts
  9072 | Lair:1   | Reached skill level 13 in Unarmed Combat
  9969 | Lair:3   | Reached skill level 14 in Unarmed Combat
 10351 | Lair:3   | Reached XP level 12. HP: 56/104 MP: 17/17
 10361 | Lair:3   | Reached skill level 15 in Unarmed Combat
 10506 | Lair:3   | Noticed a four-headed hydra
 10516 | Lair:3   | Killed a four-headed hydra
 10637 | Lair:3   | Found a staircase to the Swamp.
 10894 | Lair:3   | Identified a scroll of acquirement
 11168 | Lair:4   | Reached skill level 5 in Shields
 12378 | Lair:4   | Found a staircase to the Snake Pit.
 12477 | Lair:4   | Found a white marble altar of Elyvilon.
 12940 | Lair:5   | Noticed Maud
 12955 | Lair:5   | Killed Maud
 13232 | Lair:5   | Reached XP level 13. HP: 102/111 MP: 18/18
 13328 | Lair:5   | Noticed a seven-headed hydra
 13336 | Lair:5   | Killed a seven-headed hydra
 13850 | Lair:6   | Found a runed door.
 13851 | Lair:6   | Found a viscous altar of Jiyva.
 13854 | Lair:6   | Found a staircase to the Slime Pits.
 14814 | Lair:7   | Reached skill level 5 in Dodging
 15148 | Lair:8   | Entered Level 8 of the Lair of Beasts
 15474 | Lair:8   | Reached skill level 10 in Fighting
 15719 | Lair:8   | HP: 4/116 [death yak (21)]
 15720 | Lair:8   | Slain by a death yak

Vault maps used:
D:1:      mrwooster_arrival_arrow, minmay_bisected
D:2:      tso_metal_star, uniq_robin
D:3:      nemelex_deck, first_bread, minmay_misc_feat_iff
D:4:      black_bear_nest_1, gammafunk_temple_overflow_pools,
          minmay_temple_entry_trees, serial_shops, nicolae_shop_behind_doors,
          minmay_liquid_box, st_stairs_9, minmay_misc_feat_diagonals
D:5:      lemuel_doored_altar, uniq_edmund, uniq_grinder
D:6:      serial_shops, nicolae_shop_temple_entry_statues_fountains
D:7:      grunt_qazlal_clouds, xom_teletrap_fun, uniq_duvessa
D:8:      serial_shops, shop, the_bakery, minmay_strange_pillars
D:9:      uniq_erica
D:10:     dpeg_oklobed_lair, uniq_sonja
Temple:   minmay_freezing_vapour_temple_12
Lair:3:   minmay_swamp_entry_eels, minmay_holes
Lair:4:   cheibrodos_magma_flow, basic_altar, serial_bayou_shore_b
Lair:5:   uniq_maud
Lair:6:   slime_altar_2, minivault_19, grunt_megastairs_4
Lair:8:   evilmike_catoblepas_cave, hibernation_bobbens, grunt_megastairs_1

Action                   |  1- 3 |  4- 6 |  7- 9 | 10-12 | 13-15 || total
-------------------------+-------+-------+-------+-------+-------++-------
Melee: Unarmed           |   125 |   213 |   452 |   806 |   357 ||  1953
Throw: Tomahawk          |       |     1 |     4 |       |     5 ||    10
Invok: Minor Destruction |       |       |     1 |    30 |    23 ||    54
       Major Destruction |       |       |       |     9 |       ||     9
       Lesser Servant of |       |       |       |     9 |     2 ||    11
       Greater Servant o |       |       |       |     1 |       ||     1
Evoke: Wand              |       |       |       |     1 |     1 ||     2
  Use: Scroll            |     2 |     4 |    11 |    10 |     2 ||    29
       Potion            |       |     1 |       |     4 |     2 ||     7
 Stab: Sleeping          |     1 |       |       |       |     5 ||     6
       Distracted        |       |       |       |     1 |       ||     1
  Eat: Chunk             |    12 |     6 |    18 |    77 |    15 ||   128
